 Dungeon Crawl Stone Soup version 0.19-a0-1216-g363869b (webtiles) character file.

15376 4thArraOfDagon the Grappler (level 12, -5/154 HPs)
             Began as a Troll Wanderer on Aug 23, 2016.
             Was a Priest of Qazlal.
             Slain by a yaktaur captain
             ... wielding an uncursed staff of air
              (11 damage)
             ... on level 13 of the Dungeon.
             The game lasted 00:23:46 (4957 turns).

4thArraOfDagon the Grappler (Troll Wanderer)        Turns: 4957, Time: 00:23:47

Health: -5/154     AC: 26    Str: 20    XL:     12   Next: 0%
Magic:  11/18      EV:  1    Int: 11    God:    Qazlal [***...]
Gold:   104        SH:  4    Dex: 13    Spells: 1 memorised, 9 levels left

rFire  + . .     SeeInvis .       - Unarmed
rCold  . . .     Gourm    +     (armour currently unavailable)
rNeg   + + +     Faith    .     (no shield)
rPois  +         Spirit   .     (helmet currently unavailable)
rElec  .         Dismiss  .     (cloak currently unavailable)
rCorr  .         Reflect  .     (gloves unavailable)
MR     +....     Harm     .     (boots unavailable)
Stlth  ++........ NoTele   +    (no amulet)
                                t - ring of protection from magic
                                e - ring of protection from fire

@: lethally poisoned (-5 -> -5), tree-form
A: unfitting armour, (claws 0), rugged brown scales 1, (deformed body), fast
metabolism 3, gourmand, regeneration 1, (shaggy fur 0), (tough skin 0)
a: Upheaval, Elemental Force, Renounce Religion


You were on level 13 of the Dungeon.
You worshipped Qazlal.
Qazlal was most pleased with you.
You were very full.
You were a tree.
You visited 2 branches of the dungeon, and saw 14 of its levels.

You collected 478 gold pieces.
You spent 374 gold pieces at shops.

Inventory:

Hand Weapons
 a - a +2 mace
 d - a +0 dagger
 o - a +0 blowgun
Armour
 j - a +2 cloak (melded)
 G - the cursed +1 troll leather armour "Dejiherph" (melded) {Regen+ rCorr Dex+3}
   (You found it on level 10 of the Dungeon)

   It affects your dexterity (+3).
   It increases your rate of regeneration.
   It protects you from acid and corrosion.
   It has a curse placed upon it.
 L - a +1 robe of cold resistance
Magical Staves
 J - an uncursed staff of earth
Jewellery
 e - a ring of protection from fire (left branch)
 k - an uncursed ring of flight
 t - a ring of protection from magic (right branch)
 E - an uncursed ring of protection from magic
 P - an uncursed ring of positive energy
Wands
 h - a wand of random effects (25/48)
 n - a wand of paralysis (8/24)
 s - a wand of slowing (30/48)
 F - a wand of teleportation (6/9)
Scrolls
 b - 2 scrolls of blinking
 g - 2 scrolls of recharging
 l - 2 scrolls of enchant armour
 p - 3 scrolls of teleportation
 v - 4 scrolls of remove curse {unknown}
 w - a scroll of vulnerability {unknown}
 y - a scroll of random uselessness {unknown}
 z - a scroll of noise {unknown}
 D - 3 scrolls of magic mapping
 H - a scroll of fear {unknown}
 Q - a scroll of amnesia {unknown}
Potions
 c - a potion of degeneration
 m - a potion of resistance
 r - 4 potions of curing {unknown}
 x - a potion of berserk rage {unknown}
 A - a potion of haste {unknown}
 B - 2 potions of brilliance
 C - a potion of agility
 I - a potion of heal wounds
 K - a potion of flight
Miscellaneous
 N - a fan of gales
 O - a sack of spiders
Comestibles
 f - 7 bread rations
 i - 3 meat rations
 q - 2 beef jerkies
 u - a slice of pizza


   Skills:
 - Level 1.5 Fighting
 - Level 3.6 Maces & Flails
 - Level 6.1 Armour
 - Level 1.0 Dodging
 - Level 1.7 Stealth
 + Level 13.8 Unarmed Combat
 + Level 10.2 Invocations


You had 9 spell levels left.
You knew the following spells:

 Your Spells              Type           Power        Failure   Level  Hunger
a - Swiftness             Chrm/Air       #.......     56%         2    ###....


Dungeon Overview and Level Annotations

Branches:
Dungeon (13/15)            Temple (1/1) D:7             Orc (0/2) D:9
 Vaults (0/5) D:13
   Lair: D:8-11

Altars:
Cheibriados
Dithmenos
Fedhas
Gozag
Hepliaklqana
Makhleb
Nemelex Xobeh
Okawaru
Qazlal
Ru
Trog
Uskayaw
Vehumet
Xom
Yredelemnul
Zin
The Shining One

Shops:
D:11 ?


Innate Abilities, Weirdness & Mutations

You are too large for most types of armour.
((You have claws for hands.))
Your metabolism is lightning-fast.
You like to eat raw meat.
Your natural rate of healing is unusually fast.
((You are covered in fur. (AC +1)))
((You have very tough skin. (AC +2)))
(You are partially covered in rugged brown scales. (AC +1, +3% HP))
((Armour fits poorly on your strangely shaped body.))


Message History

You completely miss the yaktaur captain.
The yaktaur captain is heavily wounded.
You feel sick.
The yaktaur captain hits you with an uncursed staff of air!
* * * LOW HITPOINT WARNING * * *
You are electrocuted!
* * * LOW HITPOINT WARNING * * *
Unknown command.
Unknown command.
You feel much better.
The yaktaur captain hits you but does no damage.
Your water elemental barely misses the yaktaur captain.
Unknown command.
You hit the yaktaur captain.
The yaktaur captain is heavily wounded.
Your water elemental hits the yaktaur captain!
The yaktaur captain hits you with an uncursed staff of air!!
* * * LOW HITPOINT WARNING * * *
You are electrocuted!
You die...

##
.}.###
....#
...
##c####
#.E♣#.#
##.§§.##
##)#..#
###..#
#..##
#...# ..
#...#
#.#
#...#
#.#
#...#


You could see a yaktaur captain and a friendly water elemental.

Vanquished Creatures
  4 vault guards
  A hydra (D:11)
  A centaur warrior (D:13)
  2 hill giants
  Pikel (D:9)
  2 ugly things
  A centaur zombie (D:13)
  A guardian serpent (shapeshifter) (D:13)
  A gargoyle (D:13)
  A troll (D:12)
  The ghost of hairmachine the Cudgeler, an amateur MiGl (D:4)
  3 two-headed ogres
  A meliai zombie (D:13)
  A slime creature (D:11)
  A shadow (D:11)
  3 wraiths (D:12)
  A wyvern (D:13)
  A hippogriff (D:10)
  A vampire mosquito (D:13)
  4 orc warriors
  A black bear (D:8)
  3 ice beasts
  2 slaves
  A necrophage (D:12)
  3 sky beasts
  2 wasps
  3 ogres
  7 centaurs
  3 big kobolds
  3 giant frogs
  3 scorpions
  6 killer bees (D:10)
  A water moccasin skeleton (D:9)
  3 wights
  2 howler monkeys
  A crimson imp (D:5)
  A giant frog zombie (D:11)
  9 hounds
  2 jellies
  A quasit (D:9)
  8 orc priests
  A centaur skeleton (D:5)
  A giant frog skeleton (D:9)
  Ijyb (D:3)
  Terence (D:3)
  13 orc wizards
  3 iguanas
  5 worker ants
  A hound zombie (D:8)
  A hound skeleton (D:6)
  10 adders
  4 gnolls (D:3)
  2 shadow imps
  An ooze (D:2)
  2 adder zombies
  2 adder skeletons
  2 worms (D:2)
  A dart slug (D:3)
  5 giant geckos
  79 orcs
  9 giant cockroaches
  5 goblins
  6 hobgoblins
  9 jackals
  20 kobolds
  A quokka (D:9)
  3 ball pythons
  4 bats
  A giant gecko skeleton (D:4)
  A giant newt (D:2)
  5 rats
296 creatures vanquished.

Vanquished Creatures (collateral kills)
  Josephine (D:12)
  A wolf spider (shapeshifter) (D:13)
  2 wraiths (D:12)
4 creatures vanquished.

Vanquished Creatures (others)
  A jelly (D:13)
1 creature vanquished.

Grand Total: 301 creatures vanquished

Notes
Turn   | Place    | Note
-------+----------+-------------------------------------------
     0 | D:1      | 4thArraOfDagon the Troll Wanderer began the quest for the Orb.
     0 | D:1      | 4thArraOfDagon set off with: a +2 mace, a +0 robe, a potion of lignification, a +0 dagger, 2 bread rations
     0 | D:1      | Reached XP level 1. HP: 19/19 MP: 0/0
    78 | D:1      | Ultraviolent4: i almost lost my streak to miscast explosion damage
    88 | D:1      | Ultraviolent4: 2 hp :/
   155 | D:1      | Reached skill level 1 in Unarmed Combat
   200 | D:2      | Reached XP level 2. HP: 25/27 MP: 1/1
   210 | D:2      | Reached skill level 3 in Unarmed Combat
   210 | D:2      | Reached XP level 3. HP: 28/33 MP: 2/2
   217 | D:2      | 4thArraOfDagon: hows your streak
   222 | D:2      | Found a basalt altar of Yredelemnul.
   227 | D:2      | Found a blossoming altar of Fedhas.
   228 | D:2      | Ultraviolent4: 14
   391 | D:2      | Reached XP level 4. HP: 36/41 MP: 3/3
   514 | D:4      | Reached skill level 4 in Unarmed Combat
   521 | D:4      | Reached XP level 5. HP: 27/48 MP: 4/4
   549 | D:4      | Reached skill level 5 in Unarmed Combat
   585 | D:4      | Noticed hairmachine's ghost (amateur MiGl)
   605 | D:4      | Reached XP level 6. HP: 46/55 MP: 5/5
   622 | D:5      | Entered Level 5 of the Dungeon
   627 | D:5      | Reached skill level 6 in Unarmed Combat
   635 | D:5      | Noticed an ice beast
   766 | D:7      | Noticed an orc warrior
   784 | D:7      | Found a staircase to the Ecumenical Temple.
   793 | Temple   | Entered the Ecumenical Temple
   862 | Temple   | Became a worshipper of Qazlal Stormbringer
   907 | D:7      | Ultraviolent4: is qaz speedrun god?
   920 | Temple   | Killed an orc warrior
   920 | Temple   | Reached skill level 7 in Unarmed Combat
   954 | D:7      | Reached XP level 7. HP: 37/62 MP: 6/6
   995 | D:7      | 4thArraOfDagon: yes
  1068 | D:7      | 4thArraOfDagon: i mean no
  1109 | D:7      | Reached skill level 8 in Unarmed Combat
  1211 | D:8      | Reached skill level 1 in Armour
  1241 | D:8      | Noticed a skeletal warrior
  1249 | D:8      | what
  1307 | D:7      | Ultraviolent4: D8 skeletal warrior lol
  1349 | D:8      | Reached * piety under Qazlal
  1415 | D:7      | You fall through a shaft for 3 floors!
  1415 | D:10     | Entered Level 10 of the Dungeon
  1416 | D:10     | WHAYT
  1424 | D:10     | Reached XP level 8. HP: 29/70 MP: 7/7
  1511 | D:12     | Noticed a slime creature
  1511 | D:12     | Noticed a slime creature
  1511 | D:12     | Noticed a slime creature
  1511 | D:12     | Noticed a slime creature
  1568 | D:8      | Found a snail-covered altar of Cheibriados.
  1569 | D:8      | Noticed a skeletal warrior
  1641 | D:8      | Found a hazy altar of Hepliaklqana.
  1654 | D:8      | Reached skill level 9 in Unarmed Combat
  1690 | D:8      | Reached skill level 1 in Invocations
  2076 | D:5      | Reached ** piety under Qazlal
  2122 | D:5      | Noticed a hill giant
  2148 | D:5      | Killed a hill giant
  2148 | D:5      | Reached XP level 9. HP: 41/76 MP: 5/10
  2279 | D:4      | Killed hairmachine's ghost
  2279 | D:4      | Reached skill level 10 in Unarmed Combat
  2306 | D:3      | Found an iron altar of Okawaru.
  2383 | D:3      | Learned a level 2 spell: Swiftness
  2454 | D:2      | Found a burning altar of Makhleb.
  2469 | D:2      | Found a shadowy altar of Dithmenos.
  2584 | D:3      | Noticed Ijyb
  2584 | D:3      | Noticed Terence
  2596 | D:3      | Killed Ijyb
  2596 | D:3      | Reached skill level 5 in Armour
  2603 | D:3      | Killed Terence
  2671 | D:4      | Found a sparkling altar of Nemelex Xobeh.
  2745 | D:5      | You fall through a shaft for 3 floors!
  2919 | D:8      | Reached *** piety under Qazlal
  3117 | D:9      | Noticed Pikel
  3133 | D:9      | Killed Pikel
  3220 | D:9      | Reached skill level 5 in Invocations
  3264 | D:9      | Reached **** piety under Qazlal
  3282 | D:9      | Found a staircase to the Orcish Mines.
  3461 | D:10     | Got an encrusted troll leather armour
  3484 | D:10     | Identified the cursed +1 troll leather armour "Dejiherph" {Regen+ rCorr Dex+3} (You found it on level 10 of the Dungeon)
  3520 | D:10     | Reached XP level 10. HP: 83/85 MP: 12/12
  3586 | D:10     | Reached skill level 11 in Unarmed Combat
  3928 | D:11     | Found Tefomotz's Magic Scroll Shoppe.
  3943 | D:11     | Bought a scroll of teleportation for 45 gold pieces
  3943 | D:11     | Bought 2 scrolls of magic mapping for 105 gold pieces
  3943 | D:11     | Bought a scroll of blinking for 112 gold pieces
  3943 | D:11     | Bought a scroll of enchant armour for 112 gold pieces
  4018 | D:11     | Noticed a brown ugly thing
  4027 | D:11     | Killed a brown ugly thing
  4083 | D:11     | Noticed a six-headed hydra
  4087 | D:11     | Killed a six-headed hydra
  4087 | D:11     | Reached skill level 12 in Unarmed Combat
  4298 | D:13     | Noticed a vault guard
  4317 | D:12     | Killed a vault guard
  4317 | D:12     | Reached XP level 11. HP: 39/92 MP: 14/16
  4355 | D:13     | Noticed a centaur warrior
  4359 | D:13     | Killed a centaur warrior
  4361 | D:13     | Noticed a vault guard
  4404 | D:12     | Killed a vault guard
  4414 | D:12     | Noticed Josephine
  4420 | D:12     | Killed Josephine
  4447 | D:12     | Reached skill level 13 in Unarmed Combat
  4601 | D:13     | Noticed a vault guard
  4628 | D:13     | Killed a vault guard
  4651 | D:13     | Found a gate to the Vaults.
  4675 | D:13     | Noticed a vault guard
  4703 | D:13     | Killed a vault guard
  4837 | D:13     | Noticed a hill giant
  4843 | D:13     | Killed a hill giant
  4843 | D:13     | Reached skill level 10 in Invocations
  4845 | D:13     | Noticed a red ugly thing
  4861 | D:13     | Killed a red ugly thing
  4882 | D:13     | Gained mutation: Armour fits poorly on your strangely shaped body. [mutagenic meat]
  4885 | D:13     | Gained mutation: You are partially covered in rugged brown scales. (AC +1, +3% HP) [mutagenic meat]
  4913 | D:13     | Noticed a sea snake
  4913 | D:13     | a merfolk changed into a sea snake
  4920 | D:13     | Noticed a shock serpent
  4920 | D:13     | a sea snake changed into a shock serpent
  4921 | D:13     | Noticed a sea snake
  4921 | D:13     | a shock serpent changed into a sea snake
  4922 | D:13     | Noticed a wolf spider
  4922 | D:13     | a sea snake changed into a wolf spider
  4926 | D:13     | Killed a wolf spider
  4926 | D:13     | Reached XP level 12. HP: 39/103 MP: 12/18
  4947 | D:13     | Noticed a yaktaur captain
  4955 | D:13     | HP: 4/154 [yaktaur captain/uncursed staff of air (14)]
  4955 | D:13     | HP: 1/154 [yaktaur captain/uncursed staff of air (3)]
  4957 | D:13     | Slain by a yaktaur captain

Vault maps used:
D:1:      nicolae_arrival_washed_ashore, grunt_decor_one_mirror
D:2:      yredelemnul_altar_generic, grunt_dithmenos_smoke, fedhas_altar_3,
          makhleb_heckhound_becter, first_bread, serial_curves, eino_curves_01,
          eino_curves_04, uniq_jessica
D:3:      okawaru_metal_pillars_1_2, minmay_cupped, uniq_terence, uniq_iyjb
D:4:      old_standard_altar, kennysheep_mini_moat, nemelex_diamond_rough_becter
D:5:      serial_curves, eino_curves_04, eino_curves_03
D:6:      lemuel_crystal_altar, led_sif_book, kennysheep_generic_room_6,
          uniq_eustachio
D:7:      serial_shops, nicolae_shop_stone
D:8:      overflow_temple_1_default, cheibriados_altar_1, special_room
D:9:      hiddenorc1_lemuel, corexii_checkpoint_a, uniq_pikel
D:10:     dpeg_oklobed_lair, the_bakery
D:11:     serial_shops, shop
D:12:     basic_altar, abandoned_shop, uniq_gastronok, uniq_josephine,
          uniq_erolcha, uniq_rupert
D:13:     minmay_sliced_demisemicircle, lightli_vaults_fourway_checkpoint,
          kennysheep_donut
Temple:   jpeg_temple_alley_garden

Skill      XL: |  1  2  3  4  5  6  7  8  9 10 11 |
---------------+----------------------------------+-----
Unarmed Combat | 1 3 4 5 7 8 9 10 12 13 | 13.8
Armour         | 2 4 5 6 |  6.1
Invocations    | 3 5 8 10 | 10.2
Fighting       | |  1.5
Maces & Flails | |  3.6
Dodging        | |  1.0
Stealth        | |  1.7

Action                   |  1- 3 |  4- 6 |  7- 9 | 10-12 || total
-------------------------+-------+-------+-------+-------++-------
Melee: Unarmed           |    74 |   122 |   491 |   339 ||  1026
       Punch             |       |     1 |    18 |    20 ||    39
Invok: Upheaval          |       |       |     1 |     5 ||     6
       Elemental Force   |       |       |       |     3 ||     3
Evoke: Wand              |       |       |     5 |       ||     5
  Use: Potion            |     1 |     2 |     3 |     3 ||     9
       Scroll            |       |     5 |     4 |     2 ||    11
 Stab: Sleeping          |       |       |     1 |       ||     1
       Paralysed         |       |       |     4 |       ||     4
  Eat: Chunk             |       |     7 |    29 |    18 ||    54
Armor: Robe              |    54 |    53 |   158 |       ||   265
       Skin              |    13 |       |       |     2 ||    15
       Troll leather arm |       |       |     4 |   101 ||   105
Dodge: Dodged            |    47 |    73 |   186 |    81 ||   387
       Deflected         |       |       |       |     7 ||     7
Block: Other             |       |       |    56 |    54 ||   110
